 Dungeon Crawl Stone Soup version 0.24.0-123-gd5b16e6ec5 (webtiles) character file.

Game seed: 7501397568260124472, levelgen mode: deterministic

3860 Delamore the Cleaver (level 10, -1/70 HPs)
             Began as a Formicid Fighter on Jan 26, 2020.
             Was a Priest of Okawaru.
             Slain by a two-headed ogre
             ... wielding a +0 giant spiked club
              (38 damage)
             ... on level 8 of the Dungeon.
             The game lasted 00:09:34 (8682 turns).

Delamore the Cleaver (Formicid Fighter)             Turns: 8682, Time: 00:09:37

Health: -1/70      AC:  9    Str: 23    XL:     10   Next: 41%
Magic:  10/10      EV:  8    Int:  8    God:    Okawaru [***...]
Gold:   492        SH:  9    Dex: 11    Spells: 9/9 levels left

rFire    . . .     SeeInvis +   y - +1 war axe (venom)
rCold    . . .     Gourm    .   c - +0 shield
rNeg     . . .     Faith    .   b - +0 scale mail
rPois    .         Spirit   .   (helmet unavailable)
rElec    .         Reflect  .   k - +0 cloak
rCorr    .         Harm     +   (no gloves)
MR       ++...                  n - +0 pair of boots
Stlth    ..........             r - amulet of harm
HPRegen  0.21/turn              H - ring of protection from magic
MPRegen  0.12/turn              F - ring of teleportation (curse)

@: no status effects
A: permanent stasis, dig shafts and tunnels, four strong arms, antennae 3
a: Dig, Shaft Self, Heroism, Renounce Religion


You were on level 8 of the Dungeon.
You worshipped Okawaru.
Okawaru was most pleased with you.
You were not hungry.

You visited 2 branches of the dungeon, and saw 9 of its levels.

You collected 492 gold pieces.

Inventory:

Hand Weapons
 a - a +0 war axe
 p - a +0 hand axe
 y - a +1 war axe of venom (weapon)
Armour
 b - a +0 scale mail (worn)
 c - a +0 shield (worn)
 k - a +0 cloak (worn)
 n - a +0 pair of boots (worn)
Jewellery
 h - an uncursed ring of magical power
 i - an uncursed ring of magical power
 r - an amulet of harm (around neck)
 F - a cursed ring of teleportation (right hand)
 H - a ring of protection from magic (left hand)
Wands
 u - a wand of flame (11)
Scrolls
 e - 5 scrolls of remove curse
 l - 2 scrolls of teleportation
 m - a scroll of identify
 o - a scroll of fog
 q - a scroll of fear {unknown}
 s - a scroll of enchant weapon {unknown}
 t - a scroll of blinking
 w - a scroll of noise {unknown}
 z - a scroll of magic mapping
 E - a scroll of amnesia
Potions
 d - 5 potions of might
 g - a potion of agility
 j - 4 potions of curing
 v - a potion of brilliance
 x - a potion of heal wounds
 A - 2 potions of flight {unknown}
 B - a potion of ambrosia
 C - a potion of berserk rage
 D - 2 potions of magic {unknown}
 G - a potion of invisibility
Comestibles
 f - 14 rations


   Skills:
 - Level 3.2 Fighting
 + Level 13.9 Axes
 - Level 3.2 Armour
 - Level 3.6 Shields


You had 9 spell levels left.
You didn't know any spells.
Your spell library was empty.

Dungeon Overview and Level Annotations

Branches:
Dungeon (8/15)             Temple (1/1) D:5
   Lair: D:8-11

Altars:
Ashenzari
Elyvilon
Fedhas
Kikubaaqudgha
Nemelex Xobeh
Okawaru
Trog
Uskayaw
Xom
Yredelemnul

Annotations:
D:4 2 transporters, Locuples's ghost, novice DsAs


Innate Abilities, Weirdness & Mutations

You cannot be hasted, slowed, berserked, paralysed or teleported.
You can dig through walls and to a lower floor.
Your four strong arms can wield two-handed weapons with a shield.
You have a pair of large antennae on your head. (SInv)


Message History

The two-headed ogre is poisoned.
You closely miss the orc warrior.
The two-headed ogre hits you but does no damage.
The two-headed ogre hits you with a +0 giant club.
You block the orc warrior's attack.
You slash the two-headed ogre!
The two-headed ogre looks as sick as possible!
The two-headed ogre is moderately wounded.
You barely miss the orc warrior. You slash the two-headed ogre!
The two-headed ogre looks as sick as possible!
The two-headed ogre is severely wounded.
You miss the orc warrior. You block the two-headed ogre's attack.
The two-headed ogre closely misses you. The orc warrior barely misses you.
You slash the two-headed ogre!
The two-headed ogre looks as sick as possible!
The two-headed ogre is almost dead.
You slash the orc warrior! The orc warrior barely misses you.
The two-headed ogre hits you with a +0 giant spiked club!!
Ouch! That really hurt!
You die...

........#.....#..................
........#.....+..................
..##.##.#.....######...########..
..##'#######.......#...# ##..
...........####....#...# #...
..........######...#...# #...
.........## +..##..# #..)
.........#{##...#..+ #...
########## ##..o@O.# #...
.........#{##._......... ####
.........#{##%..........
.........# ##..?#.......s
.........###^..##........
..........##### .........
########### ##+#..... .... {


You could see a two-headed ogre and an orc warrior.

Vanquished Creatures
  A troll (D:8)
  A hippogriff (D:8)
  A yak (D:8)
  A human (D:8)
  3 hogs (D:8)
  Eustachio (D:4)
  An ice beast (D:6)
  2 black bears
  5 ogres
  6 centaurs
  A big kobold (D:7)
  Blork the orc (D:4)
  2 bullfrogs
  3 scorpions
  A water moccasin skeleton (D:4)
  A howler monkey (D:5)
  3 crimson imps
  A jelly (D:8)
  A hound (D:7)
  2 orc priests
  7 orc wizards
  A gnoll shaman (D:3)
  2 bullfrog skeletons
  4 worker ants
  15 adders
  7 gnolls
  2 adder zombies
  An adder skeleton (D:8)
  2 worms
  2 dart slugs
  4 leopard geckos
  15 orcs
  3 bats
  8 giant cockroaches
  7 goblins
  5 hobgoblins
  19 jackals
  4 quokkas
  A ball python skeleton (D:4)
  4 frilled lizards
  A giant cockroach zombie (D:4)
  A jackal zombie (D:8)
  11 kobolds
  A leopard gecko skeleton (D:4)
  A quokka skeleton (D:6)
  A quokka zombie (D:6)
  8 rats
175 creatures vanquished.

Notes
Turn   | Place    | Note
-------+----------+-------------------------------------------
     0 | D:1      | Delamore the Formicid Fighter began the quest for the Orb.
     0 | D:1      | Reached XP level 1. HP: 18/18 MP: 1/1
    89 | D:1      | Reached XP level 2. HP: 19/24 MP: 2/2
   256 | D:1      | Reached skill level 3 in Axes
   380 | D:1      | Reached XP level 3. HP: 29/29 MP: 3/3
   905 | D:2      | Reached skill level 4 in Axes
   905 | D:2      | Reached XP level 4. HP: 32/35 MP: 4/4
  1908 | D:2      | Reached XP level 5. HP: 41/41 MP: 5/5
  2022 | D:3      | Reached skill level 5 in Axes
  2344 | D:3      | Noticed a centaur
  2360 | D:3      | Killed a centaur
  2360 | D:3      | Reached skill level 6 in Axes
  2360 | D:3      | Reached XP level 6. HP: 20/47 MP: 6/6
  3139 | D:4      | HP: 2/47 [gnoll shaman/+0 club (7)]
  3542 | D:4      | Found a transporter.
  3547 | D:4      | Noticed Locuples's ghost (novice DsAs)
  3552 | D:4      | Noticed Blork the orc
  3596 | D:3      | Reached XP level 7. HP: 12/52 MP: 7/7
  3952 | D:4      | Killed Blork the orc
  3952 | D:4      | Reached skill level 7 in Axes
  4120 | D:4      | Found a transporter.
  4322 | D:4      | Noticed Eustachio
  4356 | D:4      | Killed Eustachio
  4356 | D:4      | Reached skill level 8 in Axes
  4486 | D:4      | Found a basalt altar of Yredelemnul.
  4497 | D:4      | Reached XP level 8. HP: 56/58 MP: 8/8
  4670 | D:5      | Entered Level 5 of the Dungeon
  4915 | D:5      | Reached skill level 9 in Axes
  5656 | D:5      | Reached skill level 10 in Axes
  5887 | D:5      | Found a staircase to the Ecumenical Temple.
  5894 | Temple   | Entered the Ecumenical Temple
  5905 | Temple   | Became a worshipper of Warmaster Okawaru
  6302 | D:6      | Reached XP level 9. HP: 54/64 MP: 9/9
  6450 | D:6      | Reached * piety under Okawaru
  6450 | D:6      | Reached skill level 11 in Axes
  7263 | D:7      | Reached skill level 12 in Axes
  7901 | D:8      | Noticed a hippogriff
  7910 | D:8      | Killed a hippogriff
  7910 | D:8      | Reached ** piety under Okawaru
  8169 | D:8      | Noticed a troll
  8175 | D:8      | Killed a troll
  8175 | D:8      | Reached skill level 13 in Axes
  8175 | D:8      | Reached XP level 10. HP: 53/70 MP: 10/10
  8417 | D:8      | Reached *** piety under Okawaru
  8672 | D:8      | Found a bloodstained altar of Trog.
  8672 | D:8      | Noticed a two-headed ogre
  8682 | D:8      | Slain by a two-headed ogre

Levels and vault maps discovered:
D:1:      lemuel_arrival_muddy, layout_basic, roderic_serpentine_path
D:2:      layout_basic, kennysheep_generic_room_6
D:3:      layout_basic
D:4:      layout_basic, lemuel_round_altar, gammafunk_ghost_stat_death,
          enter_ossuary_2, first_ration, uniq_eustachio, uniq_blork_the_orc
D:5:      layout_loops_ring, minmay_temple_entry_enclosed_plants
D:6:      layout_loops_ring
D:7:      layout_basic
D:8:      layout_gridville, grunt_livestock, trog_butcher_becter
Temple:   grunt_wide_crystal_templ

Skill      XL: |  1  2  3  4  5  6  7  8  9 |
---------------+----------------------------+-----
Axes           | 3 4 6 8 10 13 | 13.9
Fighting       | |  3.2
Armour         | |  3.2
Shields        | |  3.6

Action                   |  1- 3 |  4- 6 |  7- 9 | 10-12 || total
-------------------------+-------+-------+-------+-------++-------
Melee: War axe           |    90 |   102 |   176 |    38 ||   406
       Hand axe          |       |    97 |   226 |       ||   323
Evoke: Wand              |       |       |     1 |       ||     1
  Use: Scroll            |       |     3 |     6 |       ||     9
       Potion            |       |       |     5 |       ||     5
 Stab: Invisible         |       |       |     2 |       ||     2
  Eat: Chunk             |       |     6 |    14 |     2 ||    22
       Ration            |       |     1 |       |       ||     1
Armor: Scale mail        |    41 |    76 |   136 |    12 ||   265
Dodge: Dodged            |    30 |    71 |   112 |     8 ||   221
Block: Shield            |    67 |   114 |   177 |    23 ||   381
